 Dungeon Crawl Stone Soup version 0.22-a0-166-g5351223 (webtiles) character file.

4237 Azzok the Fighter (level 10, -2/71 HPs)
             Began as a Gargoyle Fighter on Feb 13, 2018.
             Was a Priest of Okawaru.
             Slain by a two-headed ogre
             ... wielding a +0 giant spiked club
              (12 damage)
             ... on level 8 of the Dungeon.
             The game lasted 00:16:50 (8075 turns).

Azzok the Fighter (Gargoyle Fighter)                Turns: 8075, Time: 00:16:51

Health: -2/71      AC: 23    Str: 22    XL:     10   Next: 30%
Magic:  14/16      EV:  8    Int: 10    God:    Okawaru [***...]
Gold:   394        SH:  0    Dex:  9    Spells: 9/9 levels left

rFire    . . .     SeeInvis +   a - +2 long sword (venom)
rCold    . . .     Gourm    .   (no shield)
rNeg     + . .     Faith    .   k - +0 plate armour
rPois    ∞         Spirit   .   G - +0 helmet
rElec    +         Reflect  .   y - +0 cloak
rCorr    .         Harm     .   (no gloves)
MR       .....                  (no boots)
Stlth    ..........             (no amulet)
HPRegen  0.21/turn              d - +1 ring of slaying
MPRegen  0.15/turn              r - ring of see invisible

@: heroism
A: negative energy resistance 1, electricity resistance, unbreathing,
petrification resistance, rot immunity, AC +7
a: Heroism, Renounce Religion


You were on level 8 of the Dungeon.
You worshipped Okawaru.
Okawaru was most pleased with you.
You were not hungry.

You visited 2 branches of the dungeon, and saw 9 of its levels.

You collected 426 gold pieces.
You spent 32 gold pieces at shops.

Inventory:

Hand Weapons
 a - a +2 long sword of venom (weapon)
 b - a +2 hand axe of flaming
 H - a cursed -2 shortbow
Missiles
 v - 82 arrows
Armour
 c - a +0 shield
 k - a +0 plate armour (worn)
 y - a +0 cloak (worn)
 G - a +0 helmet (worn)
Jewellery
 d - a +1 ring of slaying (left hand)
 e - an uncursed ring of resist corrosion
 r - a ring of see invisible (right hand)
 E - an uncursed ring of positive energy
Wands
 A - a wand of digging (12)
 F - a wand of scattershot (7)
Scrolls
 i - a scroll of fog {unknown}
 j - 2 scrolls of random uselessness {unknown}
 l - 5 scrolls of identify
 n - 6 scrolls of remove curse {unknown}
 p - 3 scrolls of enchant armour {unknown}
 s - a scroll of noise {unknown}
 t - 4 scrolls of amnesia {unknown}
 u - 3 scrolls of blinking {unknown}
 x - 3 scrolls of teleportation {unknown}
 z - 4 scrolls of magic mapping {unknown}
 C - a scroll of fear {unknown}
Potions
 g - a potion of degeneration {unknown}
 h - a potion of brilliance {unknown}
 m - 5 potions of lignification {unknown}
 o - 2 potions of heal wounds {unknown}
 q - a potion of mutation {unknown}
 w - 2 potions of invisibility {unknown}
 B - 2 potions of haste {unknown}
Books
 D - a book of Minor Magic

   Spells                             Type                      Level
   a - Magic Dart                     Conjuration                  1
   b - Blink                          Translocation                2
   c - Call Imp                       Summoning                    2
   d - Slow                           Hexes                        2
   e - Conjure Flame                  Conjuration/Fire             3
   f - Mephitic Cloud                 Conjuration/Poison/Air       3
 I - a book of Flames

   Spells                             Type                      Level
   a - Flame Tongue                   Conjuration/Fire             1
   b - Throw Flame                    Conjuration/Fire             2
   c - Conjure Flame                  Conjuration/Fire             3
   d - Inner Flame                    Hexes/Fire                   3
   e - Sticky Flame                   Conjuration/Fire             4
   f - Fireball                       Conjuration/Fire             5
Comestibles
 f - 19 rations
 J - 3 chunks of flesh


   Skills:
 - Level 12.1(17.1) Fighting
 - Level 1.7(6.7) Long Blades
 + Level 6.1(11.1) Bows
 - Level 3.2(8.2) Armour
 - Level 3.2(8.2) Shields
 + Level 8.2 Invocations


You had 9 spell levels left.
You didn't know any spells.

Dungeon Overview and Level Annotations

Branches:
Dungeon (8/15)             Temple (1/1) D:5
   Lair: D:8-11

Altars:
Cheibriados
Elyvilon
Fedhas
Kikubaaqudgha
Makhleb
Nemelex Xobeh
Okawaru
Qazlal
Ru
Vehumet
Yredelemnul

Shops:
D:7 ?


Innate Abilities, Weirdness & Mutations

You are resistant to torment.
Your stone body is resilient. (AC +7)
You are immune to poison.
You resist negative energy. (rN+)
You are resistant to electric shocks. (rElec)
You can survive without breathing.
You are immune to petrification.
You are immune to rotting.


Message History

The two-headed ogre is moderately wounded.
The two-headed ogre hits you but does no damage. x2
You closely miss the two-headed ogre.
The two-headed ogre is moderately wounded.
The two-headed ogre hits you with a giant spiked club!!
The two-headed ogre hits you with a giant spiked club!
You gain the combat prowess of a mighty hero.
You hit the two-headed ogre.
The two-headed ogre looks as sick as possible!
The two-headed ogre is heavily wounded.
The two-headed ogre hits you with a giant spiked club!!
* * * LOW HITPOINT WARNING * * *
The two-headed ogre hits you with a giant spiked club.
* * * LOW HITPOINT WARNING * * *
You hear a shout!
You slash the two-headed ogre!
The two-headed ogre looks as sick as possible!
The two-headed ogre is severely wounded.
The two-headed ogre hits you with a giant spiked club!
You die...

·▒·▒··············▒▒▒▒▒
···)···················
▒▒···▒▒▒▒▒▒>▒▒▒···▒▒▒▒
▒▒▒▒▒▒▒▒▒▒·▒ ▒▒··▒
▒········▒ ▒··▒
▒·▒▒▒▒▒▒▒▒ ▒··▒ ▒·▒
▒··▒ ▒·▒ ▒··▒▒ ▒·▒
▒▒@··▒▒ ▒·▒ ▒O▒▒▒·▒▒▒▒
▒·▒ ▒o▒ ▒····▒ ▒·▒
▒o▒▒▒·▒▒·▒ ▒·▒ ▒▒···▒▒
▒ ▒·▒ ▒$▒▒▒ ▒·▒ ▒·▒
▒▒▒▒·▒ ▒·▒ ·)···▒ ▒·▒


You could see a two-headed ogre, an orc priest and an orc.

Vanquished Creatures
  Psyche (D:8)
  Grinder (D:4)
  Prince Ribbit (D:6)
  Sigmund (D:3)
  Eustachio (D:6)
  4 hogs (D:7)
  A human (D:7)
  The ghost of Azzok the Firebug, an amateur DEFE (D:4)
  A necrophage (D:6)
  6 ogres
  A centaur (D:6)
  The ghost of anet the Magician, an amateur DEWz (D:3)
  4 bullfrogs
  A wyvern zombie (D:6)
  5 killer bees (D:8)
  2 howler monkeys (D:8)
  4 crimson imps
  A bullfrog zombie (D:7)
  2 hounds
  5 orc priests
  A centaur skeleton (D:4)
  Jessica (D:3)
  3 iguanas
  7 orc wizards
  3 worker ants
  2 hound zombies
  2 hound skeletons
  A worker ant zombie (D:7)
  6 adders
  7 gnolls
  A howler monkey skeleton (D:8)
  A shadow imp (D:7)
  2 oozes
  An adder skeleton (D:7)
  A worm (D:6)
  4 dart slugs
  A leopard gecko (D:3)
  16 orcs
  2 ball pythons
  9 giant cockroaches
  5 hobgoblins (D:1)
  10 kobolds
  3 quokkas
  9 bats
  4 frilled lizards
  9 goblins
  A jackal skeleton (D:7)
  A leopard gecko skeleton (D:4)
  7 rats
164 creatures vanquished.

Notes
Turn   | Place    | Note
-------+----------+-------------------------------------------
     0 | D:1      | Azzok the Gargoyle Fighter began the quest for the Orb.
     0 | D:1      | Reached XP level 1. HP: 14/14 MP: 1/1
    75 | D:1      | Reached XP level 2. HP: 17/20 MP: 2/2
   101 | D:1      | Reached skill level 4 in Fighting
   685 | D:1      | Reached XP level 3. HP: 24/24 MP: 3/3
  1013 | D:1      | Reached skill level 5 in Fighting
  1128 | D:2      | Reached XP level 4. HP: 27/31 MP: 4/4
  1331 | D:2      | Reached skill level 6 in Fighting
  1335 | D:2      | Reached XP level 5. HP: 32/36 MP: 5/5
  1817 | D:3      | Noticed anet's ghost (amateur DEWz)
  1896 | D:3      | Killed anet's ghost
  1896 | D:3      | Reached skill level 7 in Fighting
  1896 | D:3      | Reached XP level 6. HP: 42/44 MP: 6/6
  2091 | D:3      | Noticed Jessica
  2099 | D:3      | Killed Jessica
  2385 | D:3      | Reached skill level 8 in Fighting
  2386 | D:3      | Noticed Sigmund
  2396 | D:3      | Killed Sigmund
  2396 | D:3      | Reached XP level 7. HP: 45/50 MP: 7/7
  2766 | D:4      | Reached skill level 9 in Fighting
  3086 | D:4      | Noticed Grinder
  3089 | D:4      | Paralysed by Grinder for 6 turns
  3104 | D:4      | Paralysed by Grinder for 5 turns
  3111 | D:4      | Paralysed by Grinder for 3 turns
  3116 | D:4      | Killed Grinder
  3116 | D:4      | Reached skill level 10 in Fighting
  3116 | D:4      | Reached XP level 8. HP: 28/57 MP: 8/8
  3332 | D:4      | Noticed Azzok's ghost (amateur DEFE)
  3358 | D:4      | Killed Azzok's ghost
  3759 | D:4      | Found a sparkling altar of Nemelex Xobeh.
  3924 | D:5      | Entered Level 5 of the Dungeon
  4014 | D:5      | Reached skill level 11 in Fighting
  4156 | D:5      | Found a staircase to the Ecumenical Temple.
  4165 | Temple   | Entered the Ecumenical Temple
  4271 | Temple   | Became a worshipper of Warmaster Okawaru
  4656 | D:6      | Noticed Prince Ribbit
  4669 | D:6      | Reached skill level 1 in Invocations
  4907 | D:6      | Found a blossoming altar of Fedhas.
  5783 | D:6      | Noticed Eustachio
  5791 | D:6      | Killed Eustachio
  5791 | D:6      | Reached * piety under Okawaru
  5939 | D:6      | Reached XP level 9. HP: 60/65 MP: 11/11
  6273 | D:6      | Reached skill level 1 in Bows
  6289 | D:6      | Killed Prince Ribbit
  6289 | D:6      | Reached skill level 12 in Fighting
  6308 | D:6      | Found a snail-covered altar of Cheibriados.
  6380 | D:6      | Reached skill level 5 in Invocations
  6554 | D:7      | Reached ** piety under Okawaru
  6986 | D:7      | Found Ifyvef's Magic Scroll Shop.
  7009 | D:7      | Reached skill level 5 in Bows
  7009 | D:7      | Reached XP level 10. HP: 31/71 MP: 15/15
  7204 | D:7      | Bought a scroll of identify for 32 gold pieces
  7462 | D:8      | Reached *** piety under Okawaru
  7970 | D:8      | Noticed Psyche
  7980 | D:8      | Paralysed by Psyche for 3 turns
  7985 | D:8      | Killed Psyche
  8058 | D:8      | Noticed a two-headed ogre
  8075 | D:8      | Slain by a two-headed ogre

Vault maps used:
D:1:      dpeg_arrival_tiny_j
D:2:      minmay_roachtagon
D:3:      uniq_sigmund, uniq_jessica
D:4:      lemuel_round_altar, uniq_grinder
D:5:      minmay_temple_entry_mist, first_ration
D:6:      lemuel_crystal_altar, slow_altar_2,
          minmay_a_box_with_orc_wizards_in_it, uniq_eustachio,
          uniq_prince_ribbit1
D:7:      serial_shops, shop, grunt_livestock, minivault_22
D:8:      uniq_psyche
Temple:   nicolae_temple_figure_eight

Skill      XL: |  1  2  3  4  5  6  7  8  9 10 |
---------------+-------------------------------+-----
Fighting       | 4 5 6 7 8 10 11 12 | 12.1
Invocations    | 3 7 8 |  8.2
Bows           | 5 6 |  6.1
Long Blades    | |  1.7
Armour         | |  3.2
Shields        | |  3.2

Action                   |  1- 3 |  4- 6 |  7- 9 | 10-12 || total
-------------------------+-------+-------+-------+-------++-------
Melee: Long sword        |   122 |   162 |       |    40 ||   324
       Hand axe          |       |    11 |   354 |    46 ||   411
Invok: Heroism           |       |       |       |     1 ||     1
Evoke: Wand              |       |       |     1 |       ||     1
  Use: Potion            |       |       |     1 |       ||     1
  Eat: Chunk             |     1 |     5 |    11 |     4 ||    21
       Ration            |       |       |     1 |       ||     1
Armor: Scale mail        |    11 |       |       |       ||    11
       Plate armour      |   180 |   194 |   283 |    75 ||   732
Dodge: Dodged            |    64 |    65 |   109 |    48 ||   286
       Rpst.: Long sword |    21 |    21 |       |     7 ||    49

Table legend:
 A = Spawn XP
 B = Non-spawn XP
 C = Spawn XP percentage of total XP
 D = Spawn monster count
 E = Non-spawn monster count
 F = Spawn count percentage of total count
 G = Total turns spent on level
                    A         B        C        D         E        F      G
               +---------+---------+-------+---------+---------+-------+---------
         Total |       0 |    6053 |   0.0 |       0 |     164 |   0.0 |  8075
               +---------+---------+-------+---------+---------+-------+---------
           D:1 |       0 |      74 |   0.0 |       0 |      30 |   0.0 |  1014
           D:2 |       0 |     131 |   0.0 |       0 |      24 |   0.0 |   803
           D:3 |       0 |     514 |   0.0 |       0 |      24 |   0.0 |   815
           D:4 |       0 |     865 |   0.0 |       0 |      14 |   0.0 |  1294
           D:5 |       0 |     131 |   0.0 |       0 |       8 |   0.0 |   848
           D:6 |       0 |    1586 |   0.0 |       0 |      27 |   0.0 |  1641
           D:7 |       0 |    1495 |   0.0 |       0 |      20 |   0.0 |   910
           D:8 |       0 |    1257 |   0.0 |       0 |      17 |   0.0 |   623
               +---------+---------+-------+---------+---------+-------+---------
